 Dungeon Crawl Stone Soup version 0.22-a0-292-g0df9d5f (webtiles) character file.

11 Amnesiac the Gusty (level 2, -2/15 HPs)
             Began as a Tengu Air Elementalist on Mar 23, 2018.
             Slain by an adder (3 damage)
             ... on level 2 of the Dungeon.
             The game lasted 00:01:01 (377 turns).

Amnesiac the Gusty (Tengu Air Elementalist)          Turns: 377, Time: 00:01:02

Health: -2/15      AC:  2    Str:  6 (8)  XL:     2   Next: 25%
Magic:  4/6        EV: 12    Int: 13 (15) God:
Gold:   48         SH:  0    Dex: 13 (14) Spells: 4/5 levels left

rFire    . . .     SeeInvis .   (no weapon)
rCold    . . .     Gourm    .   (no shield)
rNeg     . . .     Faith    .   a - +0 robe
rPois    .         Spirit   .   (helmet restricted)
rElec    .         Reflect  .   (no cloak)
rCorr    .         Harm     .   (no gloves)
MR       .....                  (boots unavailable)
Stlth    ++........             (no amulet)
HPRegen  0.05/turn              (no ring)
MPRegen  0.10/turn              (no ring)

@: lethally poisoned (-2 -> -7)
A: beak, talons 3
a: no special abilities


You were on level 2 of the Dungeon.
You were not hungry.

You visited 1 branch of the dungeon, and saw 2 of its levels.

You collected 48 gold pieces.

Inventory:

Armour
 a - a +0 robe (worn)
Scrolls
 b - a scroll of fog {!r, unknown}
 g - a scroll of identify {!r, unknown}
Potions
 e - a potion of brilliance {!q, unknown}
Comestibles
 c - 2 rations
 f - 2 chunks of flesh


   Skills:
 - Level 2.1 Dodging
 - Level 2.0 Stealth
 + Level 2.2 Spellcasting
 - Level 1.3 Conjurations
 * Level 4.6 Air Magic


You had 4 spell levels left.
You knew the following spells:

 Your Spells              Type           Power        Failure   Level  Hunger
a - Shock                 Conj/Air       #...         7%          1    ##.....


Dungeon Overview and Level Annotations

Branches:
Dungeon (2/15)

Altars:


Innate Abilities, Weirdness & Mutations

You have a beak for a mouth.
You have claws for feet.


Message History

Aiming: Shock (safe; 6% risk of failure)
Press: ? - help, Shift-Dir - straight line That beam is likely to hit you.
Continue anyway?
The zap hits the dart slug.
You kill the dart slug!
The zap misses you.
A bat and an adder come into view.
The adder hisses angrily.
The bat closely misses you. The bat hits you but does no damage.
Found a black potion.
Found a stone staircase leading up.
The bat closely misses you.
A kobold comes into view.
The bat barely misses you. The bat barely misses you. The bat misses you.
The adder bites you. The bat hits you but does no damage.
Found a scroll labeled ISUEPESOOS.
Found a stone staircase leading up.
The bat barely misses you. The bat closely misses you.
Found a stone staircase leading down.
The bat hits you but does no damage. The bat hits you but does no damage.
The kobold shouts!
The bat hits you but does no damage. The bat closely misses you.
The kobold closely misses you.
Found an escape hatch in the floor.
The bat hits you but does no damage.
Casting: Shock (safe; 6% risk of failure)
Confirm with . or Enter, or press ? or * to list all spells.
Aiming: Shock (safe; 6% risk of failure)
Press: ? - help, Shift-Dir - straight line, f - adder
Aim: an adder The zap hits the bat.
The bat is moderately wounded.
The zap misses the adder.
The bat hits you.
Unknown command.
Casting: Shock (safe; 6% risk of failure)
Confirm with . or Enter, or press ? or * to list all spells.
Aiming: Shock (safe; 6% risk of failure)
Press: ? - help, Shift-Dir - straight line, p - adder The zap hits the adder.
The adder is lightly wounded.
The zap hits the adder.
The adder is moderately wounded.
The bat barely misses you. The adder closely misses you. The adder bites you.
* * * LOW HITPOINT WARNING * * *
You are poisoned.
The adder poisons you!
Unknown command.
You feel sick. The bat misses you. The bat barely misses you. The bat hits you.
* * * LOW HITPOINT WARNING * * *
The bat hits you but does no damage.
There is a stone staircase leading down here.
The bat hits you but does no damage. The bat barely misses you.
* * * LOW HITPOINT WARNING * * *
You feel sick. The adder bites you.
* * * LOW HITPOINT WARNING * * *
Found a mace.
Really quaff
d - an emerald potion {!q}?
It was a potion of degeneration {!q}.
There was something very wrong with that liquid.
You feel weakened.
You feel dopey.
You feel clumsy. The adder bites you.
You die...

<..
<...##..........
.##.#
#.......... . #.
#.......... #.
###.#+#### #...#
##..# #Kb# ##S#
#@# #.# .>.
..... .......
.).......
...........
#............


You could see an adder, a bat and a kobold.

Vanquished Creatures
  A dart slug (D:2)
  2 bats (D:1)
  2 giant cockroaches (D:1)
  A goblin (D:2)
  A frilled lizard (D:1)
  A kobold (D:1)
  A rat (D:1)
9 creatures vanquished.

Notes
Turn   | Place    | Note
-------+----------+-------------------------------------------
     0 | D:1      | Amnesiac the Tengu Air Elementalist began the quest for the Orb.
     0 | D:1      | Reached XP level 1. HP: 10/10 MP: 4/4
   245 | D:1      | Reached XP level 2. HP: 14/15 MP: 4/6
   377 | D:2      | Slain by an adder

Vault maps used:
D:1:      nicolae_arrival_memento_mori
D:2:      grunt_temple_overflow_gold_and_silver, eat_drink_and_be_merry_uskayaw,
          kennysheep_slug_shrine, first_ration

Action                   || total
-------------------------++-------
Melee: Unarmed           ||     8
       Kick              ||     2
 Cast: Shock             ||    23
  Use: Potion            ||     1
Armor: Robe              ||     9
Dodge: Dodged            ||    23

Table legend:
 A = Spawn XP
 B = Non-spawn XP
 C = Spawn XP percentage of total XP
 D = Spawn monster count
 E = Non-spawn monster count
 F = Spawn count percentage of total count
 G = Total turns spent on level
                    A         B        C        D         E        F      G
               +---------+---------+-------+---------+---------+-------+---------
         Total |       0 |      16 |   0.0 |       0 |       9 |   0.0 |   377
               +---------+---------+-------+---------+---------+-------+---------
           D:1 |       0 |      10 |   0.0 |       0 |       7 |   0.0 |   262
           D:2 |       0 |       6 |   0.0 |       0 |       2 |   0.0 |   115
               +---------+---------+-------+---------+---------+-------+---------
